 Dungeon Crawl Stone Soup version 0.30-a0-883-g5ad918d77d (webtiles) character file.

Game seed: 488219627256664273

258 elagabalus the Poker (level 5, -9/46 HPs)
             Began as a Minotaur Berserker on Mar 16, 2023.
             Was a Believer of Trog.
             Mangled by monoptic's ghost (13 damage)
             ... on level 3 of the Dungeon.
             The game lasted 00:14:27 (1777 turns).

elagabalus the Poker (Minotaur Berserker)           Turns: 1777, Time: 00:14:27

Health: -9/46      AC:  6    Str: 23    XL:     5   Next: 94%
Magic:  4/4        EV: 11    Int:  4    God:    Trog [**....]
Gold:   83         SH:  0    Dex: 10    Spells: 4/4 levels left

rFire   . . .      SeeInvis .    a - +0 spear
rCold   . . .      Faith    .    (no shield)
rNeg    . . .      Spirit   .    k - +0 ring mail
rPois   .          Reflect  .    (helmet restricted)
rElec   .          Rampage  .    (no cloak)
rCorr   .                        (no gloves)
Will    ++...                    b - +0 pair of boots Stlth
                                 (no amulet)
HPRegen 1.27/turn                (no ring)
MPRegen 0.09/turn                (no ring)

@: strong-willed (expiring), on berserk cooldown, regenerating (expiring),
slowed, very slow
A: horns 2, retaliatory headbutt
a: Renounce Religion, Berserk, Trog's Hand


You were on level 3 of the Dungeon.
You worshipped Trog.
Trog was pleased with you.
You visited 1 branch of the dungeon, and saw 3 of its levels.

You collected 83 gold pieces.

Inventory:

Hand Weapons
 a - a +0 spear (weapon)
Armour
 b - a +0 pair of boots (worn)
 k - a +0 ring mail (worn)
Wands
 i - a wand of iceblast (7)
Potions
 c - a potion of attraction
 e - a potion of might {unknown}
 f - 2 potions of curing


   Skills:
 - Level 4.0 Fighting
 + Level 7.9 Polearms
 - Level 2.4 Armour
 - Level 2.1 Dodging


You had 4 spell levels left.
You didn't know any spells.
Your spell library was empty.

Dungeon Overview and Level Annotations

Branches:
Dungeon (3/15)

Altars:
Elyvilon
Yredelemnul

Shops:
D:1 =

Annotations:
D:3 monoptic's ghost, amateur FoFi


Innate Abilities, Weirdness & Mutations

You have a pair of horns on your head.
You reflexively headbutt those who attack you in melee.


Message History

Monoptic's ghost is lightly damaged.
Monoptic's ghost hits you but does no damage.
You barely miss monoptic's ghost.
Monoptic's ghost is lightly damaged.
Monoptic's ghost hits you but does no damage.
You hit monoptic's ghost.
Monoptic's ghost is lightly damaged.
Your transformation is almost over.
Monoptic's ghost grins evilly.
Monoptic's ghost hits you but does no damage.
You closely miss monoptic's ghost.
Monoptic's ghost is lightly damaged.
Monoptic's ghost hits you! x2
* * * LOW HITPOINT WARNING * * *
You hit monoptic's ghost.
Monoptic's ghost is moderately damaged.
Monoptic's ghost hits you but does no damage.
You hit monoptic's ghost.
Monoptic's ghost is moderately damaged.
Monoptic's ghost hits you.
* * * LOW HITPOINT WARNING * * *
You hit monoptic's ghost but do no damage.
Monoptic's ghost is moderately damaged.
Monoptic's ghost hits you but does no damage.
You hit monoptic's ghost.
Monoptic's ghost is moderately damaged.
Monoptic's ghost hits you.
* * * LOW HITPOINT WARNING * * *
You hit monoptic's ghost but do no damage.
Monoptic's ghost is moderately damaged.
You feel the effects of Trog's Hand fading.
Monoptic's ghost hits you!
* * * LOW HITPOINT WARNING * * *
You hit monoptic's ghost.
Monoptic's ghost is heavily damaged.
You feel less wooden.
Your +0 pair of boots unmelds from your body.
Your +0 ring mail unmelds from your body.
Monoptic's ghost hits you!
You die...

#.# #.# #.# #.# ### #.#
#.# #.. ##.## #.# #.#
#...# #.# #.# #####
#.#.# #.####.###P⌠P$##
###.#.###........#....8#
....#....####....#.....$
.#######.# #)..@'.....P
....#....# #....W.....⌠
###.#.#### #.#..'.....P
#.#.# #.#..#...... #.).#
#.#..#....8# ##)##
#.####P⌠P.## #)# #.#
##### #)########.###.###
#.................


You could see monoptic's ghost.

Vanquished Creatures
  The ghost of elongatedgoose the Trooper, an amateur MiFi (D:3)
  Ijyb (D:2)
  An orc wizard (D:3)
  An adder (D:2)
  2 worms
  2 dart slugs
  2 orcs (D:3)
  2 ball pythons
  3 bats
  6 endoplasms
  A giant cockroach (D:3)
  8 goblins
  3 hobgoblins
  3 kobolds
  2 quokkas
  6 frilled lizards
  2 rats (D:1)
46 creatures vanquished.

Notes
Turn   | Place    | Note
-------+----------+-------------------------------------------
     0 | D:1      | elagabalus the Minotaur Berserker began the quest for the
                  | Orb.
     0 | D:1      | Reached XP level 1. HP: 19/19 MP: 0/0
    89 | D:1      | Found Enawk's Jewellery Shop.
   235 | D:1      | Reached skill level 4 in Polearms
   244 | D:1      | Reached XP level 2. HP: 27/27 MP: 1/1
   820 | D:2      | Reached XP level 3. HP: 9/33 MP: 2/2
  1063 | D:2      | Noticed Ijyb
  1067 | D:2      | Reached skill level 5 in Polearms
  1072 | D:2      | Killed Ijyb
  1075 | D:2      | Reached ** piety under Trog
  1076 | D:2      | Reached XP level 4. HP: 40/40 MP: 3/3
  1204 | D:2      | Found a white marble altar of Elyvilon.
  1603 | D:3      | Reached skill level 6 in Polearms
  1666 | D:3      | Found a basalt altar of Yredelemnul.
  1722 | D:3      | Found a runed translucent gate.
  1722 | D:3      | Found a runed translucent gate.
  1723 | D:3      | Found a runed translucent gate.
  1726 | D:3      | Noticed elongatedgoose's ghost (amateur MiFi)
  1726 | D:3      | Noticed monoptic's ghost (amateur FoFi)
  1763 | D:3      | Killed elongatedgoose's ghost
  1764 | D:3      | Reached skill level 7 in Polearms
  1764 | D:3      | Reached XP level 5. HP: 31/46 MP: 4/4
  1777 | D:3      | Mangled by monoptic's ghost

Illustrated notes

Levels and vault maps discovered:
D:1:      minmay_arrival_widening_spiral_wide, layout_loops_ring, serial_shops,
          shop
D:2:      kennysheep_the_goblin_king, layout_loops_cross, basic_altar,
          guppyfry_early_lair_pool
D:3:      layout_loops_ring, nicolae_overflow_hidden_temple,
          shapermc_ecumenical_altar_mp_vishouse, gammafunk_ghost_cemetery

Skill      XL: |  1  2  3  4 |
---------------+-------------+-----
Fighting       | 4 |  4.0
Polearms       | 4 5 7 |  7.9
Armour         | |  2.4
Dodging        | |  2.1

Action                     |  1- 3 |  4- 6 || total
---------------------------+-------+-------++-------
  Melee: Spear             |    60 |    72 ||   132
         Headbutt          |     6 |     2 ||     8
         Punch             |     1 |     1 ||     2
 Invoke: Berserk           |     1 |     2 ||     3
         Trog's Hand       |       |     1 ||     1
    Use: Scroll            |       |     6 ||     6
         Potion            |       |     1 ||     1
 Armour: Leather armour    |    10 |       ||    10
         Animal skin       |     1 |       ||     1
         Skin              |       |    22 ||    22
         Ring mail         |       |     2 ||     2
  Dodge: Dodged            |    23 |     7 ||    30

Table legend: (Time is in decaauts)
 A = Elapsed time spent in this place.
 B = Non-inter-level travel time spent in this place.
 C = Inter-level travel time spent in this place.
 D = Time resting spent in this place.
 E = Time spent auto-exploring this place.
 F = Levels seen in this place.
 G = Mean time per level.
                   A        B        C        D        E       F      G
               +--------+--------+--------+--------+--------+-----+--------+
         Total |   1774 |    396 |   1378 |      0 |      0 |   3 |  591.3 |
       Dungeon |   1774 |    396 |   1378 |      0 |      0 |   3 |  591.3 |
               +--------+--------+--------+--------+--------+-----+--------+

Top non-repeatable levels by time:
     D:1: 802 daAuts
     D:2: 686 daAuts
     D:3: 286 daAuts
